 Dungeon Crawl Stone Soup version 0.30-a0-3-gc9032a9cac (webtiles) character file.

Game seed: 16479248199781686203

16599 Conn the Arsonist (level 12, -10/67 HPs)
             Began as an Octopode Fire Elementalist on Aug 14, 2022.
             Was a High Priest of Sif Muna.
             Shot with an arrow by Nessos (22 damage)
             ... on level 12 of the Dungeon on Aug 20, 2022.
             The game lasted 00:48:12 (15492 turns).

Conn the Arsonist (Octopode Fire Elementalist)     Turns: 15492, Time: 00:48:12

Health: -10/67     AC:  1    Str: 12    XL:     12   Next: 39%
Magic:  14/26      EV: 14    Int: 26    God:    Sif Muna [*****.]
Gold:   138        SH:  7    Dex: 21    Spells: 2/31 levels left

rFire   . . .      SeeInvis +    a - staff of conjuration
rCold   x . .      Faith    +    p - +2 buckler
rNeg    . . .      Spirit   .    (helmet restricted)
rPois   +          Reflect  .    o - amulet of faith
rElec   .          Harm     .    f - +4 ring of slaying
rCorr   +          Rampage  .    k - ring "Qelanuku" {rC- rCorr Int+6 Dex+3 SInv}
Will    ++...                    q - +6 ring of dexterity
Stlth   +++++.....               D - ring of willpower
HPRegen 0.21/turn                J - ring of poison resistance
MPRegen 0.20/turn                (no ring)
                                 (no ring)
                                 (no ring)

@: lethally poisoned (-10 -> -17), invisible
A: almost no armour, amphibious, 8 rings, camouflage 1, gelatinous body 1,
(nimble swimmer 1), tentacles, strong-willed 1, sense surroundings 1, strong 1
a: Renounce Religion, Channel Magic, Forget Spell, Divine Exegesis


You were on level 12 of the Dungeon.
You worshipped Sif Muna.
Sif Muna was extremely pleased with you.
You visited 2 branches of the dungeon, and saw 13 of its levels.
You also visited: Bailey.

You collected 758 gold pieces.
You spent 620 gold pieces at shops.

Inventory:

Hand Weapons
 b - a +2 dagger of venom
 v - a +2 dagger
 K - the +6 battleaxe "Orb Guardian's Death" {venom, Int+4}
   (You bought it in a shop on level 11 of the Dungeon)

   It poisons the flesh of those it strikes.
   Int:       It affects your intelligence (+4).
Missiles
 C - 3 curare-tipped darts
Armour
 p - a +2 buckler (worn)
Magical Staves
 a - a staff of conjuration (weapon)
Jewellery
 f - a +4 ring of slaying (left tentacle)
 k - the ring "Qelanuku" (right tentacle) {rC- rCorr Int+6 Dex+3 SInv}
   (You found it on level 3 of the Dungeon)

   [ring of intelligence]

   Int:       It affects your intelligence (+6).
   Dex:       It affects your dexterity (+3).
   rC:        It makes you vulnerable to cold.
   SInv:      It lets you see invisible.
   rCorr:     It protects you from acid and corrosion.
 o - an amulet of faith (around mantle)
 q - a +6 ring of dexterity (on tentacle)
 D - a ring of willpower (on tentacle)
 H - a ring of see invisible
 J - a ring of poison resistance (on tentacle)
Wands
 m - a wand of flame (30)
 I - a wand of mindburst (6)
 L - a wand of roots (7)
Scrolls
 c - 15 scrolls of enchant weapon
 e - 12 scrolls of fog
 r - 6 scrolls of teleportation
 u - a scroll of fear
 w - 3 scrolls of magic mapping
 y - a scroll of vulnerability
 E - a scroll of amnesia
 F - 2 scrolls of immolation
Potions
 d - 3 potions of might
 g - a potion of cancellation
 h - 2 potions of lignification
 i - 2 potions of attraction
 j - 3 potions of brilliance
 l - 2 potions of heal wounds
 n - 8 potions of curing
 x - a potion of invisibility
 z - 2 potions of mutation
 A - 2 potions of magic
 B - a potion of haste
 G - 8 potions of ambrosia
 M - 2 potions of flight {unknown}


   Skills:
 + Level 0.9 Fighting
 + Level 1.4 Staves
 + Level 2.8 Dodging
 - Level 7.9 Stealth
 * Level 2.7 Shields
 + Level 10.2 Spellcasting
 * Level 9.4 Conjurations
 + Level 2.3 Hexes
 + Level 0.4 Translocations
 + Level 10.2 Fire Magic
 * Level 2.7 Ice Magic
 + Level 0.5 Air Magic
 + Level 0.8 Poison Magic
 * Level 6.7 Invocations
 + Level 0.3 Evocations


You had 2 spell levels left.
You knew the following spells:

 Your Spells              Type           Power      Damage    Failure   Level
a - Foxfire               Conj/Fire      100%       2x1d9     1%          1
b - Conjure Flame         Conj/Fire      77%        6-21      1%          3
c - Inner Flame           Hex/Fire       46%        N/A       1%          3
d - Flame Wave            Conj/Fire      77%        2d17      1%          4
e - Scorch                Fire           100%       2d10      1%          2
f - Mephitic Cloud        Conj/Pois/Air  47%        N/A       4%          3
g - Iskenderun's Mystic   Conj/Tloc      55%        2d12      8%          4
h - Fireball              Conj/Fire      38%        3d16      3%          5
i - Hailstorm             Conj/Ice       61%        3d13      4%          4

Your spell library contained the following spells:

 Spells                   Type           Power      Damage    Failure   Level
 Magic Dart               Conj           100%       1d8       1%          1
 Searing Ray              Conj           100%       2d8       1%          2
 Apportation              Tloc           30%        N/A       4%          1
 Necrotise                Necr           52%        1d6       6%          1
 Summon Small Mammal      Summ           52%        N/A       6%          1
 Call Imp                 Summ           13%        N/A       9%          2
 Stone Arrow              Conj/Erth      100%       3d13      2%          3
 Iskenderun's Battlesphe  Conj           75%        2d12      3%          5
 Fulminant Prism          Conj/Hex       30%        3d16      5%          4
 Vampiric Draining        Necr           13%        2d6       19%         3
 Ice Form                 Ice/Tmut       20%        N/A       32%         4
 Passage of Golubria      Tloc           15%        N/A       43%         4
 Silence                  Hex/Air        10%        N/A       67%         5
 Orb of Destruction       Conj           37%        9d11      71%         7
 Conjure Ball Lightning   Conj/Air       27%        3x3d8     75%         6
 Agony                    Necr           13%        N/A       86%         5
 Lee's Rapid Deconstruct  Erth           6%         3d7*      86%         5
 Simulacrum               Ice/Necr       10%        N/A       99%         6
 Lehudib's Crystal Spear  Conj/Erth      27%        10d7      100%        8
 Animate Armour           Summ/Erth      Unusable   N/A       N/A         4

Dungeon Overview and Level Annotations

Branches:
Dungeon (12/15)            Temple (1/1) D:4            Lair (0/5) D:10
    Orc (0/2) D:10         Bailey (visited)

Altars:
Ashenzari
Elyvilon
Fedhas
Hepliaklqana
Kikubaaqudgha
Makhleb
Ru
Sif Muna
Trog
Uskayaw
Vehumet
Zin

Shops:
D:9 !   D:10 =   D:11 (

Annotations:
D:4 2 transporters, CatsRule's ghost, amateur FeSu
D:12 Nessos


Innate Abilities, Weirdness & Mutations

You cannot wear most types of armour.
You are amphibious.
You can wear up to eight rings at the same time.
Your skin changes colour to match your surroundings (Stealth+).
Your rubbery body absorbs attacks. (AC +1, EV +1)
((You are camouflaged when in or above water. (Stealth+)))
You have tentacles for arms and can constrict up to eight enemies at once.
You are strong-willed. (Will+)
You passively map a small area around you.
Your muscles are strong. (Str +4, Int/Dex -1)


Message History

Unknown command.
Unknown command.
Okay, then.
Press: ? - help, v - describe, . - travel
Here: Nessos, wielding a +1 longbow of flaming and wearing a +0 barding The floor.
Unknown command.
Unknown command.
You fade into invisibility!
You feel very sick.
Nessos says, "Even if you were a mare, I'd kill you!"
Nessos shoots an arrow.
The arrow hits you!
* * * LOW HITPOINT WARNING * * *
The arrow burns you.
* * * LOW HITPOINT WARNING * * *
Nessos casts a spell.
Okay, then.
Unknown command.
Unknown command.
Press: ? - help, v - describe, . - travel
Here: Nessos, wielding a +1 longbow of flaming and wearing a +0 barding (unable to see you)
The floor.
Unknown command.
Unknown command.
Unknown command.
Unknown command.
Unknown command.
Unknown command.
Unknown command.
Unknown command.
Casting: Mephitic Cloud (dangerous; 4% risk of failure)
Confirm with . or Enter, or press ? or * to list all spells.
Okay, then.
Unknown command.
Unknown command.
Unknown command.
Unknown command.
You feel less invigorated.
You feel sick.
Nessos shoots an arrow.
The arrow hits you!!
You die...

##..###.## .........# ,
.......##* ........# ,
##.##.## , ..c.#..* ##.##.#
,,, ..... #. ##.##.# * *
*#..., #. ##.##<# #[.##.##.#
##.##.########## #.....#..#
......##)......#####☼☼.c.##..
.....###.#......@.§☼°###.#)..
, ......##.#...#.####### *
##.. ......†)....##.# , * .
#...####.#####.# #####
#.#####.# * #...[...# ,
######### , ,* *


You could see Nessos (unable to see you).

Vanquished Creatures
  Gastronok (D:12)
  Azrael (D:12)
  A two-headed ogre (D:10)
  Sonja (D:10)
  Pikel (D:7)
  2 ugly things
  A manticore (D:11)
  Joseph (D:10)
  A gargoyle (D:11)
  An unseen horror (D:11)
  Psyche (D:8)
  A queen bee (D:10)
  Grinder (D:4)
  A troll (D:10)
  2 wraiths
  6 yaks
  A shadow (D:9)
  2 vampires
  5 fire elementals (D:12)
  3 wyverns
  2 steam dragons (D:7)
  Edmund (D:6)
  An acid dragon (D:8)
  2 hell hounds (D:12)
  2 water moccasins
  3 black bears
  18 orc warriors
  A wolf (D:10)
  A lemure (D:7)
  A phantom (D:5)
  2 kobold brigands (D:11)
  4 bullfrogs
  A gnoll sergeant (D:10)
  A necrophage (D:5)
  2 scorpions
  11 wights
  30 killer bees
  6 howler monkeys
  8 electric eels
  7 orc priests
  2 gnoll boudas
  A jelly (D:7)
  6 hounds (D:10)
  An iguana (D:5)
  10 orc wizards
  15 gnolls
  6 adders
  2 white imps
  2 dart slugs
  45 orcs
  2 bat zombies (D:7)
  6 endoplasms
  4 giant cockroaches
  6 goblins
  6 hobgoblins
  3 jackals (D:5)
  17 kobolds
  2 quokkas (D:2)
  7 ball pythons
  7 bats
  A frilled lizard (D:2)
  5 rats
294 creatures vanquished.

Vanquished Creatures (collateral kills)
  Maggie (D:7)
  An ogre (D:7)
  A kobold brigand (D:7)
  2 killer bees (D:10)
  An orc wizard (D:7)
  2 orcs (D:7)
  18 foxfires
26 creatures vanquished.

Vanquished Creatures (others)
  888 foxfires
  22 plants
910 creatures vanquished.

Grand Total: 1230 creatures vanquished

Notes
Turn   | Place    | Note
-------+----------+-------------------------------------------
     0 | D:1      | Conn the Octopode Fire Elementalist began the quest for the
                  | Orb.
     0 | D:1      | Reached XP level 1. HP: 11/11 MP: 3/3
   359 | D:1      | Found a faded altar of an unknown god.
   439 | D:1      | Reached XP level 2. HP: 17/17 MP: 1/5
  1216 | D:2      | Reached XP level 3. HP: 21/21 MP: 2/6
  1633 | D:2      | Found a broken altar of Ashenzari.
  1805 | D:3      | Identified the ring "Qelanuku" {rC- rCorr Int+6 Dex+3 SInv}
  1891 | D:2      | Learned a level 2 spell: Scorch
  1895 | D:2      | Learned a level 3 spell: Conjure Flame
  1946 | D:3      | Reached XP level 4. HP: 27/27 MP: 2/8
  2640 | D:3      | Reached XP level 5. HP: 31/31 MP: 5/9
  2694 | D:3      | Found a bloodstained altar of Trog.
  2921 | D:3      | Found a sacrificial altar of Ru.
  3259 | D:4      | Found a staircase to the Ecumenical Temple.
  3539 | Temple   | Entered the Ecumenical Temple
  3573 | Temple   | Became a worshipper of Sif Muna the Loreminder
  3607 | D:4      | Upgraded the game from 0.29-a0-1030-gf5f8719cae to
                  | 0.30-a0-3-gc9032a9cac
  3745 | D:4      | Reached XP level 6. HP: 36/36 MP: 7/11
  3746 | D:4      | Found a transporter.
  3746 | D:4      | Noticed CatsRule's ghost (amateur FeSu)
  3778 | D:4      | Found a transporter.
  3878 | D:4      | Learned a level 4 spell: Flame Wave
  3974 | D:4      | Noticed a black bear
  3981 | D:4      | Killed a black bear
  3982 | D:4      | Reached skill level 5 in Fire Magic
  4368 | D:4      | Noticed Grinder
  4385 | D:4      | Killed Grinder
  4386 | D:4      | Reached XP level 7. HP: 42/42 MP: 2/13
  4741 | D:5      | Entered Level 5 of the Dungeon
  5101 | D:5      | Reached skill level 5 in Spellcasting
  5101 | D:5      | Reached XP level 8. HP: 47/47 MP: 11/15
  5896 | D:5      | Learned a level 3 spell: Inner Flame
  5900 | D:5      | Learned a level 3 spell: Mephitic Cloud
  6253 | D:6      | Noticed Edmund
  6262 | D:6      | Killed Edmund
  6646 | D:6      | You fall into a shaft and drop 3 floors!
  6659 | D:8      | Reached * piety under Sif Muna
  6673 | D:8      | Reached XP level 9. HP: 52/52 MP: 1/18
  6718 | D:8      | Reached skill level 1 in Invocations
  7032 | D:8      | Found a flagged portal.
  7034 | D:8      | Noticed Psyche
  7042 | D:8      | Killed Psyche
  7043 | D:8      | Reached skill level 1 in Staves
  7043 | D:8      | Reached skill level 5 in Conjurations
  7072 | Bailey   | Entered a bailey
  7348 | Bailey   | Reached skill level 1 in Hexes
  7784 | Bailey   | Reached ** piety under Sif Muna
  7911 | Bailey   | Reached XP level 10. HP: 57/57 MP: 7/21
  8113 | D:8      | Found a blossoming altar of Fedhas.
  8901 | D:7      | Reached skill level 5 in Stealth
  9430 | D:7      | Noticed Pikel
  9461 | D:7      | Killed Pikel
  9827 | D:7      | Found an ancient bone altar of Kikubaaqudgha.
  9901 | D:7      | Noticed Maggie
  9915 | D:7      | Killed Maggie
 10486 | D:8      | Identified the +1 pair of gloves of Fede {Int+3}
 11036 | D:9      | Reached skill level 5 in Invocations
 11076 | D:9      | Found a hazy altar of Hepliaklqana.
 11099 | D:9      | Found Gusumpob's Distillery.
 11111 | D:9      | Bought 2 potions of curing for 96 gold pieces
 11113 | D:9      | Gained mutation: You passively map a small area around you.
                  | [potion of mutation]
 11113 | D:9      | Gained mutation: You have hidden genetic potential. [potion
                  | of mutation]
 11304 | D:9      | Learned a level 4 spell: Iskenderun's Mystic Blast
 11310 | D:9      | Learned a level 5 spell: Fireball
 11413 | D:9      | Reached *** piety under Sif Muna
 11614 | D:9      | Reached XP level 11. HP: 62/62 MP: 8/23
 12006 | D:10     | Entered Level 10 of the Dungeon
 12006 | D:10     | Noticed Sonja
 12140 | D:10     | Noticed a white ugly thing
 12145 | D:10     | Killed a white ugly thing
 12435 | D:10     | Noticed Joseph
 12443 | D:10     | Killed Joseph
 12563 | D:10     | Reached **** piety under Sif Muna
 12569 | D:10     | Killed Sonja
 12571 | D:10     | Gained mutation: Your muscles are strong. (Str +4, Int/Dex
                  | -1) [hidden potential]
 12743 | D:10     | Found a staircase to the Orcish Mines.
 13235 | D:10     | Noticed a two-headed ogre
 13245 | D:10     | Killed a two-headed ogre
 13472 | D:10     | Found a staircase to the Lair.
 13767 | D:10     | Found Teorifoe's Jewellery Shop.
 13770 | D:10     | Bought a ring of poison resistance for 260 gold pieces
 13776 | D:10     | Learned a level 4 spell: Hailstorm
 13973 | D:11     | Noticed a manticore
 13981 | D:11     | Reached ***** piety under Sif Muna
 13981 | D:11     | Killed a manticore
 14316 | D:11     | Found Ruma's Antique Weapon Shop.
 14326 | D:11     | Bought a blackened battleaxe for 264 gold pieces
 14326 | D:11     | Identified the +6 battleaxe "Orb Guardian's Death" {venom,
                  | Int+4} (You bought it in a shop on level 11 of the Dungeon)
 14355 | D:11     | Reached skill level 10 in Fire Magic
 14412 | D:11     | Reached skill level 1 in Ice Magic
 14412 | D:11     | Reached XP level 12. HP: 37/67 MP: 0/25
 14685 | D:11     | Reached skill level 1 in Shields
 15077 | D:12     | Reached skill level 10 in Spellcasting
 15086 | D:12     | Noticed Nessos
 15279 | D:12     | Noticed Azrael
 15296 | D:12     | Killed Azrael
 15465 | D:12     | Noticed Gastronok
 15479 | D:12     | Killed Gastronok
 15482 | D:12     | Gained mutation: You are strong-willed. (Will+) [hidden
                  | potential]
 15482 | D:12     | Lost mutation: You have hidden genetic potential. [hidden
                  | potential expressed]
 15492 | D:12     | Shot with an arrow by Nessos

Illustrated notes

Levels and vault maps discovered:
D:1:      dpeg_arrival_triangle_fractal, layout_loops_ring,
          hellmonk_ecumenical_altar_inner_sanctum
D:2:      layout_rooms, basic_altar
D:3:      cheibrodos_old_hovel, layout_basic, lemuel_coloured_pillars_altar,
          mainiacjoe_overflow_catwalk
D:4:      layout_basic, minmay_temple_entry_tees, gammafunk_ghost_arena,
          bh_walls_and_bars, uniq_grinder
D:5:      layout_basic, minivault_25
D:6:      layout_rooms, uniq_edmund
D:7:      layout_rooms, lemuel_zombie_altar_kikubaaqudgha, serial_bayou,
          serial_bayou_lagoon_b, serial_bayou_pond_d, serial_bayou_crossing,
          serial_bayou_pond_e, serial_bayou_ford_a, serial_bayou_shore_b,
          minmay_fountain_box, st_stairs_9, minmay_puff, uniq_maggie, uniq_pikel
D:8:      layout_basic, amcnicky_altar_gilded, enter_bailey_5, uniq_psyche
D:9:      layout_gridville, mainiacjoe_overflow_paths, serial_shops, shop,
          hellmonk_bongcloud_opening
D:10:     layout_roguey [special_room_bee], erik_lair_island, serial_shops,
          nicolae_shop_trees, uniq_joseph, uniq_sonja
D:11:     layout_roguey, serial_shops, nicolae_shop_overgrown_old_shop
D:12:     gammafunk_sealed_library, layout_loops_cross, uniq_gastronok,
          uniq_azrael, uniq_nessos, uniq_rupert, uniq_urug
Temple:   bh_familiar_temple

Skill      XL: |  1  2  3  4  5  6  7  8  9 10 11 12 |
---------------+-------------------------------------+-----
Stealth        | 3 4 6 7 |  7.9
Fire Magic     | 4 5 6 7 8 9 10 | 10.2
Conjurations   | 2 3 4 5 7 8 9 |  9.4
Spellcasting   | 3 4 5 6 7 8 9 10 | 10.2
Invocations    | 3 5 6 |  6.7
Staves         | 1 |  1.4
Hexes          | 1 2 |  2.3
Ice Magic      | 1 2 |  2.7
Shields        | 2 |  2.7
Fighting       | |  0.9
Dodging        | |  2.8
Translocations | |  0.4
Air Magic      | |  0.5
Poison Magic   | |  0.8
Evocations     | |  0.3

Action                   |  1- 3 |  4- 6 |  7- 9 | 10-12 || total
-------------------------+-------+-------+-------+-------++-------
Melee: Unarmed           |     4 |       |       |       ||     4
       Tentacles         |     3 |     2 |     2 |     6 ||    13
       Staff             |     3 |     7 |    10 |    19 ||    39
       Constrict         |     1 |     4 |     2 |     6 ||    13
       Punch             |       |       |     1 |     1 ||     2
 Cast: Foxfire           |    68 |    71 |   116 |   266 ||   521
       Scorch            |     2 |    14 |    35 |    77 ||   128
       Conjure Flame     |       |     1 |     8 |    12 ||    21
       Flame Wave        |       |     1 |     3 |     2 ||     6
       Inner Flame       |       |       |    15 |    26 ||    41
       Mephitic Cloud    |       |       |     1 |    17 ||    18
       Fireball          |       |       |       |    13 ||    13
       Iskenderun's Myst |       |       |       |    12 ||    12
       Hailstorm         |       |       |       |    13 ||    13
Invok: Channel Magic     |       |       |       |     3 ||     3
Evoke: Wand              |       |       |     2 |       ||     2
  Use: Scroll            |       |     3 |     2 |    11 ||    16
       Potion            |       |     1 |     4 |     9 ||    14
 Stab: Sleeping          |     1 |     2 |       |       ||     3
       Confused          |       |       |       |     1 ||     1
Armor: Skin              |     3 |     1 |       |     4 ||     8
Dodge: Dodged            |    19 |    17 |    11 |    43 ||    90
Block: Buckler           |       |       |       |    20 ||    20

Table legend: (Time is in decaauts)
 A = Elapsed time spent in this place.
 B = Non-inter-level travel time spent in this place.
 C = Inter-level travel time spent in this place.
 D = Time resting spent in this place.
 E = Time spent auto-exploring this place.
 F = Levels seen in this place.
 G = Mean time per level.
                   A        B        C        D        E       F      G
               +--------+--------+--------+--------+--------+-----+--------+
         Total |  15495 |  15039 |    456 |    938 |  10967 |  14 | 1106.8 |
       Dungeon |  14493 |  14055 |    438 |    938 |  10219 |  12 | 1207.8 |
        Temple |     52 |     34 |     18 |      0 |      0 |   1 |   52.0 |
        Bailey |    948 |    948 |      0 |      0 |    748 |   1 |  948.0 |
               +--------+--------+--------+--------+--------+-----+--------+

Top non-repeatable levels by time:
     D:7: 2054 daAuts
    D:10: 1593 daAuts
     D:3: 1517 daAuts
     D:4: 1335 daAuts
     D:9: 1312 daAuts
    D:11: 1246 daAuts
     D:5: 1167 daAuts
     D:1: 1099 daAuts
     D:8: 1077 daAuts
  Bailey: 948 daAuts
     D:6: 882 daAuts
     D:2: 815 daAuts
    D:12: 390 daAuts
  Temple: 52 daAuts
